 Dungeon Crawl Stone Soup version 0.31-a0-408-gb642c7f9a3 (webtiles) character file.

Game seed: 6947528101405801373

45 bobo the Ruffian (level 3, 0/24 HPs)
             Began as an Octopode Shapeshifter on July 29, 2023.
             Was a Follower of Dithmenos.
             Killed from afar by a dart slug (5 damage)
             ... with a slug dart
             ... on level 1 of the Dungeon.
             The game lasted 00:01:29 (395 turns).

bobo the Ruffian (Octopode Shapeshifter)             Turns: 395, Time: 00:01:29

Health: 0/24       AC:  1    Str: 16    XL:     3   Next: 64%
Magic:  3/3        EV: 13    Int: 10    God:    Dithmenos [*.....]
Gold:   76         SH:  0    Dex: 12    Spells: 2/2 levels left

rFire   . .          .
                       - Unarmed
rCold   . . .        (no shield)
rNeg    . . .        (helmet currently unavailable)
rPois   .            (no amulet)
rElec   .            c - ring of flight
rCorr   .            (no ring)
SInv    .            (no ring)
Will    .....        (no ring)
Stlth   +++          (no ring)
HPRegen 0.24/turn    (no ring)
MPRegen 0.08/turn    (no ring)
                     (no ring)

%: no passive effects
@: beast-form, flying, wreathed by umbra
A: beast (slay +2), almost no armour, amphibious, 8 rings, camouflage 1,
gelatinous body 1, (nimble swimmer 1), tentacles
a: Begin Untransformation, Renounce Religion


You were on level 1 of the Dungeon.
You worshipped Dithmenos.
Dithmenos was aware of your devotion.
You were a hulking beast.
You visited 1 branch of the dungeon, and saw 1 of its levels.

You collected 76 gold pieces.

Inventory:

Jewellery
 c - a ring of flight (left tentacle)
Talismans
 b - a beast talisman
Potions
 a - a potion of lignification
 d - a potion of might {unknown}


   Skills:
 + Level 2.0 Fighting
 - Level 2.0 Dodging
 + Level 1.0 Stealth
 + Level 3.5 Unarmed Combat
 + Level 3.3 Shapeshifting


You had 2 spell levels left.
You didn't know any spells.
Your spell library contained the following spells:

 Spells                   Type           Power      Damage    Failure   Level
 Poisonous Vapours        Pois/Air       0%         N/A       50%         2
 Mephitic Cloud           Conj/Pois/Air  0%         N/A       75%         3
 Freezing Cloud           Conj/Ice/Air   0%         6-21      100%        5


Dungeon Overview and Level Annotations

Branches:
Dungeon (1/15)

Altars:
Dithmenos


Innate Abilities, Weirdness & Mutations

You are a hulking beast.
Your limbs bulge with bestial killing power. (Slay +2)
You cannot wear most types of armour.
You are amphibious.
You can wear up to eight rings at the same time.
Your skin changes colour to match your surroundings (Stealth+).
Your rubbery body absorbs attacks. (AC +1, EV +1)
((You are camouflaged when in or above water. (Stealth+)))
You have tentacles for arms and can constrict up to eight enemies at once.


Message History

The hobgoblin closely misses you.
You tentacle-slap the hobgoblin. Your grab misses the hobgoblin.
The hobgoblin is almost dead.
The hobgoblin closely misses you.
You tentacle-slap the hobgoblin.
You kill the hobgoblin!
Dithmenos accepts your kill.
Your Stealth skill increases to level 1!
You tentacle-slap the goblin.
You kill the goblin!
Dithmenos accepts your kill.
You tentacle-slap the kobold but do no damage.
Your grab misses the kobold.
The kobold hits you with a +0 short sword.
You tentacle-slap the kobold.
You kill the kobold!
Dithmenos accepts your kill.
You tentacle-slap the dart slug. You grab the dart slug.
The dart slug is heavily wounded.
You constrict the dart slug. You completely miss the dart slug.
The dart slug is severely wounded.
You constrict the dart slug. The dart slug launches a dart at you.
The slug dart hits you.
* * * LOW HITPOINT WARNING * * *
You completely miss the dart slug. You squeeze the dart slug.
You kill the dart slug!
Dithmenos accepts your kill. The dart slug closely misses you.
The dart slug launches a dart at you. The slug dart misses you.
Items here: ( )) ††††.
Unknown command.
You tentacle-slap the dart slug. You grab the dart slug.
The dart slug is heavily wounded.
You constrict the dart slug. The dart slug closely misses you.
The dart slug launches a dart at you. The slug dart hits you.
You die...

#......####.............#
#.........##............#
#.#..#.##.##......$.....#
######....#..#.##............#
#......†..##†#. #............#
#............#. #†...........#
#.......##.###.##....†.).....#
#..........# #.ww.............
#........### ##h#######.......
#........# ##.## .......
#.......†#####...# .......
#................# .......
#.........#####..### .......
#..[......#8.8#....# .......
#......8###...###8.#
####.#..'..._...'..#
#.#.8###...###8.####..


You could see 2 dart slugs.

Vanquished Creatures
  A gnoll (D:1)
  3 dart slugs (D:1)
  2 endoplasms (D:1)
  A giant cockroach (D:1)
  4 goblins (D:1)
  3 hobgoblins (D:1)
  3 jackals (D:1)
  4 ball pythons (D:1)
  A bat (D:1)
  A frilled lizard (D:1)
  A kobold (D:1)
  3 rats (D:1)
27 creatures vanquished.

Notes
Turn   | Place    | Note
-------+----------+-------------------------------------------
     0 | D:1      | bobo the Octopode Shapeshifter began the quest for the Orb.
     0 | D:1      | Reached XP level 1. HP: 13/13 MP: 1/1
    38 | D:1      | Reached XP level 2. HP: 9/18 MP: 2/2
   316 | D:1      | Found a faded altar of an unknown god.
   321 | D:1      | Reached XP level 3. HP: 24/24 MP: 3/3
   323 | D:1      | Prayed at the altar of an unknown god.
   323 | D:1      | Became a worshipper of Dithmenos the Shadowed
   323 | D:1      | Reached * piety under Dithmenos
   387 | D:1      | Reached skill level 1 in Stealth
   395 | D:1      | Killed from afar by a dart slug

Illustrated notes

Levels and vault maps discovered:
D:1:      roderic_crop_circles_arrival_small, layout_basic,
          dreamdust_ecumenical_altar_angels_and_demons

Skill      XL: |  1  2  3 |
---------------+----------+-----
Fighting       | 2 |  2.0
Stealth        | 1 |  1.0
Dodging        | |  2.0
Unarmed Combat | |  3.5
Shapeshifting  | |  3.3

Action                     || total
---------------------------++-------
  Melee: Unarmed           ||    48
         Constrict         ||    13
         Tentacles         ||     7
         Punch             ||     2
   Stab: Sleeping          ||     4
 Armour: Skin              ||     3
  Dodge: Dodged            ||    32

Table legend: (Time is in decaauts)
 A = Elapsed time spent in this place.
 B = Non-inter-level travel time spent in this place.
 C = Inter-level travel time spent in this place.
 D = Time resting spent in this place.
 E = Time spent auto-exploring this place.
 F = Levels seen in this place.
 G = Mean time per level.
                   A        B        C        D        E       F      G
               +--------+--------+--------+--------+--------+-----+--------+
         Total |    391 |    391 |      0 |      0 |    259 |   1 |  391.0 |
       Dungeon |    391 |    391 |      0 |      0 |    259 |   1 |  391.0 |
               +--------+--------+--------+--------+--------+-----+--------+

Top non-repeatable levels by time:
     D:1: 391 daAuts
